 Dungeon Crawl Stone Soup version 0.29.1-15-g9cfb28693d (webtiles) character file.

Game seed: 14581359899991860887

7298 EternalChampion the Geomancer (level 11, 0/64 HPs)
             Began as a Gargoyle Earth Elementalist on May 1, 2023.
             Was an Initiate of Vehumet.
             Slain by a two-headed ogre
             ... wielding a +0 giant club
              (11 damage)
             ... on level 10 of the Dungeon.
             The game lasted 01:41:55 (16224 turns).

EternalChampion the Geomancer (GrEE)               Turns: 16224, Time: 01:41:55

Health: 0/64       AC: 16    Str: 11    XL:     11   Next: 13%
Magic:  29/30      EV: 11    Int: 21    God:    Vehumet [......]
Gold:   468        SH:  5    Dex: 12    Spells: 9/24 levels left

rFire   . . .      SeeInvis .   o - +4 flail "Luni" {vorpal, rC+ MP+9}
rCold   + + .      Faith    .   B - +0 buckler
rNeg    + + .      Spirit   .   x - +2 robe {rF+}
rPois   ∞          Reflect  .   a - +0 helmet
rElec   +          Harm     .   r - +1 cloak "Ebbuso" {rN+ Dex+2}
rCorr   .          Rampage  .   j - +0 pair of gloves
Will    +....                   (no boots)
Stlth   +++.......              h - amulet of the acrobat
HPRegen 0.20/turn               W - ring of willpower
MPRegen 0.22/turn               C - ring of ice

@: no status effects
A: sickness immunity, AC +8, negative energy resistance 1, electricity
resistance, torment resistance 1, petrification resistance
a: Renounce Religion


You were on level 10 of the Dungeon.
You worshipped Vehumet.
Vehumet was noncommittal.
You visited 3 branches of the dungeon, and saw 12 of its levels.

You collected 552 gold pieces.
You spent 84 gold pieces at shops.


Innate Abilities, Weirdness & Mutations

You are immune to sickness and miasma.
Your stone body is resilient. (AC +8)
You are immune to poison.
You resist negative energy. (rN+)
You are resistant to electric shocks. (rElec)
You are resistant to unholy torment.
You are immune to petrification.


   Skills:
 + Level 6.1 Fighting
 + Level 3.7 Armour
 - Level 1.5 Dodging
 + Level 6.8 Stealth
 + Level 4.0 Shields
 + Level 7.2 Spellcasting
 * Level 8.3 Conjurations
 * Level 1.1 Summonings
 - Level 3.3 Translocations
 - Level 0.7 Transmutations
 * Level 9.9 Earth Magic


You had 9 spell levels left.
You knew the following spells:

 Your Spells              Type           Power      Damage    Failure   Level
a - Sandblast             Erth           98%        2d20      1%          1
b - Stone Arrow           Conj/Erth      92%        3d12      1%          3
d - Animate Armour        Summ/Erth      62%        N/A       11%         4
e - Passwall              Tmut/Erth      25%        N/A       1%          2
f - Blink                 Tloc           42%        N/A       4%          2
g - Conjure Flame         Conj/Fire      25%        6-21      6%          3

Your spell library contained the following spells:

 Spells                   Type           Power      Damage    Failure   Level
 Magic Dart               Conj           100%       1d8       1%          1
 Dazzling Flash           Conj/Hex       50%        N/A       6%          3
 Lesser Beckoning         Tloc           21%        N/A       9%          3
 Call Imp                 Summ           12%        N/A       11%         2
 Mephitic Cloud           Conj/Pois/Air  19%        N/A       11%         3
 Petrify                  Tmut/Erth      30%        N/A       12%         4
 Ensorcelled Hibernation  Hex/Ice        22%        N/A       17%         2
 Sticky Flame             Conj/Fire      25%        2d5       21%         4
 Spider Form              Tmut/Pois      9%         N/A       28%         3
 Ignite Poison            Fire/Tmut/Pois 8%         N/A       30%         3
 Iron Shot                Conj/Erth      23%        9d5       36%         6
 Manifold Assault         Tloc           21%        N/A       61%         5
 Anguish                  Hex/Necr       3%         N/A       73%         4
 Blade Hands              Tmut           5%         N/A       92%         5
 Agony                    Necr           7%         N/A       97%         5
 Silence                  Hex/Air        3%         N/A       97%         5

Inventory:

Hand Weapons
 o - the +4 flail "Luni" (weapon) {vorpal, rC+ MP+9}
   (You found it on level 6 of the Dungeon)

   It inflicts extra damage upon your enemies.
   rC:        It protects you from cold.
   MP:        It affects your magic capacity (+9).
Missiles
 c - a throwing net (quivered) {=f}
 g - 6 datura-tipped darts
Armour
 a - a +0 helmet (worn)
 j - a +0 pair of gloves (worn)
 r - the +1 cloak "Ebbuso" (worn) {rN+ Dex+2}
   (You found it on level 3 of the Dungeon)

   Dex:       It affects your dexterity (+2).
   rN:        It protects you from negative energy.
 s - the +1 robe of Qazlal, Riding {+Blink rN++ Int-5 Stlth+}
   (You found it on level 8 of the Dungeon)

   Int:       It affects your intelligence (-5).
   rN:        It greatly protects you from negative energy.
   +Blink:    It lets you blink.
   Stlth:     It makes you more stealthy.
 x - a +2 robe of fire resistance (worn)
 B - a +0 buckler (worn)
 G - +0 acid dragon scales
Magical Staves
 E - a staff of earth {!a}
Jewellery
 h - an amulet of the acrobat (around neck)
 C - a ring of ice (right hand)
 W - a ring of willpower (left hand)
Wands
 t - a wand of roots (6)
 D - a wand of mindburst (5)
Scrolls
 e - 10 scrolls of teleportation {@r2}
 n - 2 scrolls of silence {!r}
 p - a scroll of butterflies {unknown}
 u - a scroll of enchant weapon {unknown}
 v - a scroll of poison
 y - a scroll of blinking {unknown}
 z - a scroll of noise {unknown}
Potions
 b - a potion of magic
 d - 2 potions of invisibility
 f - 2 potions of haste {@q3}
 i - 3 potions of brilliance
 k - 12 potions of curing {@q1}
 l - 2 potions of degeneration {unknown}
 m - 2 potions of resistance
 q - a potion of heal wounds {unknown}
 w - 2 potions of might
 A - a potion of flight {unknown}
 F - a potion of berserk rage {unknown}

Dungeon Overview and Level Annotations

Branches:
Dungeon (10/15)            Temple (1/1) D:5            Lair (1/5) D:9
    Orc: D:9-12

Altars:
Cheibriados
Dithmenos
Elyvilon
Fedhas
Gozag
Hepliaklqana
Kikubaaqudgha
Makhleb
Nemelex Xobeh
Okawaru
Qazlal
Ru
Sif Muna
Trog
Uskayaw
Vehumet
Wu Jian
Xom
Zin
The Shining One

Shops:
D:7 **

Annotations:
D:5 1 runed translucent door, Crazy Yiuf
D:9 invis, exclusion: 2 downstairs

#.....###.............
#.....##
#.............
#..†..##
#....>........
#.....##
.#.............
#.....#
.'..###........ ###+##
[#.# ##.......
#.#####.......
#O....... #@...##
#O....## #......#
#......# +......#
#.....## #......#
#......# #..<...#


You could see 2 two-headed ogres.


Message History

You climb downwards.
There is a stone staircase leading up here.
Aiming: Fastroot
Press: ? - help, Shift-Dir - straight line, f - two-headed ogre
Aim: a two-headed ogre, wielding two +0 giant clubs The roots erupt in riotous growth!
Roots grab the two-headed ogre.
The grasping roots constrict the two-headed ogre.
The two-headed ogre struggles to escape constriction.
The grasping roots constrict the two-headed ogre!
The roots release their grip on the two-headed ogre.
Casting: Stone Arrow (safe; 1% risk of failure)
Confirm with . or Enter, or press ? or * to list all spells.
Aiming: Passwall (safe; 1% risk of failure)
Press: ? - help, Dir - move target, p - two-headed ogre A rock wall.
The two-headed ogre hits you with a +0 giant club!
The two-headed ogre barely misses you.
The two-headed ogre hits you with a +0 giant club!
You block the two-headed ogre's attack.
The two-headed ogre hits you with a +0 giant club!
* * * LOW HITPOINT WARNING * * *
The two-headed ogre closely misses you. x2
You block the two-headed ogre's attack.
The two-headed ogre hits you with a +0 giant club!
* * * LOW HITPOINT WARNING * * *
The two-headed ogre hits you with a +0 giant club!
* * * LOW HITPOINT WARNING * * *
The two-headed ogre hits you with a +0 giant club!
You die...

Skill      XL: |  1  2  3  4  5  6  7  8  9 10 11 |
---------------+----------------------------------+-----
Conjurations   | 1 2 3 4 5 6 8 |  8.3
Earth Magic    | 4 5 6 7 8 9 |  9.9
Spellcasting   | 3 4 5 6 7 |  7.2
Fighting       | 2 3 4 5 6 |  6.1
Translocations | 1 2 3 |  3.3
Stealth        | 3 4 5 6 |  6.8
Shields        | 1 3 4 |  4.0
Armour         | 1 3 |  3.7
Summonings     | 1 |  1.1
Dodging        | |  1.5
Transmutations | |  0.7

Action                   |  1- 3 |  4- 6 |  7- 9 | 10-12 || total
-------------------------+-------+-------+-------+-------++-------
Melee: Shillelagh        |     2 |     8 |     2 |       ||    12
       Flail             |       |       |     2 |     3 ||     5
Throw: Throwing net      |       |       |     1 |     1 ||     2
 Cast: Sandblast         |    49 |    73 |    44 |    26 ||   192
       Passwall          |       |     3 |     1 |     5 ||     9
       Stone Arrow       |       |    16 |   125 |    94 ||   235
       Blink             |       |       |     2 |     2 ||     4
       Conjure Flame     |       |       |       |     3 ||     3
       Animate Armour    |       |       |       |     4 ||     4
Evoke: Wand              |       |     1 |     1 |    10 ||    12
  Use: Scroll            |     3 |     2 |     5 |       ||    10
       Potion            |     1 |       |     1 |     2 ||     4
 Stab: Sleeping          |     1 |       |       |       ||     1
Armor: Robe              |     4 |    11 |    12 |    53 ||    80
Dodge: Dodged            |     3 |    21 |    13 |    57 ||    94
Block: Buckler           |       |       |     2 |    23 ||    25

Levels and vault maps discovered:
D:1:      psy_arrival_dodecagon, layout_basic
D:2:      layout_basic, dreamdust_ecumenical_altar_hidden_monk_grotto,
          item_on_display_a
D:3:      minmay_chambers_of_threes, layout_basic,
          nicolae_qazlal_style_of_elements
D:4:      layout_basic, nicolae_hexahallways, minmay_misc_feat_ornament
D:5:      layout_loops_ring, zin_scriptorium, minmay_temple_entry_butterflies,
          serial_shops, nicolae_stop_n_shop_1, uniq_crazy_yiuf_cottage
D:6:      layout_rooms, minmay_mini_ossuary
D:7:      layout_layer_cave, serial_shops, shop, nicolae_shop_fire_sale
          [nicolae_sub_dead_trees], minmay_misc_feat_more_columns, minivault_1,
          pf_guarded_unrand_woodcutter
D:8:      layout_rooms, fedhas_altar_1, jmf_multi_god_temple,
          lightli_temple_of_fire, columned_hall_lemuel
D:9:      layout_loops_corners, fiery_altar_vehumet,
          grunt_lair_entry_orc_guard_hut, minmay_hedge_maze
D:10:     minmay_clustersquares, layout_rooms, kennysheep_mini_moat,
          old_standard_altar, minmay_quadrilaterals
Temple:   dshaligram_water_room_temple
Lair:1:   layout_layer_cave, lemuel_centaur_altar, grunt_megastairs_5,
          lemuel_fruit_fields, uniq_joseph

Notes
Turn   | Place    | Note
-------+----------+-------------------------------------------
     0 | D:1      | EternalChampion the Gargoyle Earth Elementalist began the
                  | quest for the Orb.
     0 | D:1      | Reached XP level 1. HP: 10/10 MP: 3/3
   222 | D:1      | Reached XP level 2. HP: 16/16 MP: 3/5
   246 | D:1      | Learned a level 2 spell: Passwall
   590 | D:1      | Reached skill level 1 in Conjurations
   887 | D:1      | Reached XP level 3. HP: 20/20 MP: 2/6
  1057 | D:1      | Reached skill level 4 in Earth Magic
  1441 | D:2      | Found the +6 shillelagh "Devastator" {shatter}
  1615 | D:1      | Identified 2 potions of resistance
  2362 | D:2      | Reached XP level 4. HP: 24/24 MP: 5/8
  2402 | D:2      | Learned a level 3 spell: Stone Arrow
  2463 | D:2      | Found a faded altar of an unknown god.
  2890 | D:3      | Reached skill level 2 in Conjurations
  3040 | D:3      | Reached skill level 3 in Spellcasting
  3576 | D:3      | Reached XP level 5. HP: 28/28 MP: 5/9
  3906 | D:3      | Identified the +1 cloak "Ebbuso" {rN+ Dex+2}
  3976 | D:3      | Found a stormy altar of Qazlal.
  3977 | D:3      | Noticed a water elemental
  3977 | D:3      | Noticed an air elemental
  3977 | D:3      | Noticed a fire elemental
  4206 | D:4      | You fall into a shaft and drop 2 floors!
  4228 | D:5      | Entered Level 5 of the Dungeon
  4666 | D:4      | Reached skill level 4 in Spellcasting
  4666 | D:4      | Reached skill level 3 in Conjurations
  4666 | D:4      | Reached skill level 5 in Earth Magic
  4666 | D:4      | Reached XP level 6. HP: 33/33 MP: 8/12
  5788 | D:5      | Reached XP level 7. HP: 37/37 MP: 7/14
  5840 | D:5      | Found Jonew's General Store.
  5945 | D:5      | Found a staircase to the Ecumenical Temple.
  5958 | Temple   | Entered the Ecumenical Temple
  6323 | D:5      | Reached skill level 1 in Fighting
  6673 | D:5      | Reached skill level 5 in Spellcasting
  6673 | D:5      | Reached skill level 4 in Conjurations
  6673 | D:5      | Reached skill level 1 in Translocations
  6884 | D:5      | Reached skill level 6 in Earth Magic
  6953 | D:5      | Learned a level 2 spell: Blink
  7113 | D:5      | Reached skill level 2 in Fighting
  7113 | D:5      | Reached skill level 3 in Stealth
  7113 | D:5      | Reached XP level 8. HP: 44/44 MP: 3/15
  7271 | D:5      | Found a runed translucent door.
  7272 | D:5      | Noticed Crazy Yiuf
  7366 | D:5      | Found a glowing silver altar of Zin.
  8044 | D:6      | Identified the +4 flail "Luni" {vorpal, rC+ MP+9}
  8290 | D:6      | Reached skill level 2 in Translocations
  8924 | D:7      | Reached skill level 3 in Fighting
  8924 | D:7      | Reached skill level 4 in Stealth
  8924 | D:7      | Reached skill level 5 in Conjurations
  9156 | D:7      | Found Goewieco's General Store.
  9164 | D:7      | Bought a scroll of identify for 24 gold pieces
  9164 | D:7      | Bought a scroll of identify for 24 gold pieces
  9164 | D:7      | Bought a scroll of teleportation for 36 gold pieces
  9165 | D:7      | Identified a scroll of acquirement
  9252 | D:7      | Reached skill level 7 in Earth Magic
  9394 | D:7      | Reached XP level 9. HP: 49/51 MP: 17/17
  9691 | D:7      | Reached skill level 3 in Translocations
  9878 | D:7      | Reached skill level 6 in Spellcasting
 10045 | D:7      | Reached skill level 4 in Fighting
 10254 | D:7      | Reached skill level 5 in Stealth
 10690 | D:7      | Found Meicuite's Fire Supplies.
 10959 | D:7      | Reached skill level 6 in Conjurations
 11400 | D:8      | Reached skill level 1 in Shields
 11411 | D:8      | Reached skill level 1 in Armour
 11411 | D:8      | Reached skill level 8 in Earth Magic
 11654 | D:8      | Found a blossoming altar of Fedhas.
 11805 | D:8      | Found a shimmering altar of Xom.
 11889 | D:8      | Found a sparkling altar of Nemelex Xobeh.
 11914 | D:8      | Identified the +1 robe of Qazlal, Riding {+Blink rN++ Int-5
                  | Stlth+}
 12171 | D:8      | Reached XP level 10. HP: 53/58 MP: 18/19
 12217 | D:8      | Reached skill level 5 in Fighting
 12217 | D:8      | Reached skill level 2 in Shields
 12285 | D:8      | Reached skill level 2 in Armour
 12500 | D:8      | Reached skill level 7 in Conjurations
 12737 | D:8      | Found a bloodstained altar of Trog.
 12899 | D:8      | Reached skill level 6 in Stealth
 12995 | D:9      | Reached skill level 9 in Earth Magic
 13144 | D:9      | Noticed a two-headed ogre
 13149 | D:9      | Learned a level 3 spell: Conjure Flame
 13321 | D:9      | Killed a two-headed ogre
 13322 | D:9      | Reached skill level 3 in Armour
 13322 | D:9      | Reached skill level 3 in Shields
 13588 | D:9      | Found a radiant altar of Vehumet.
 13758 | D:9      | Reached skill level 7 in Spellcasting
 13947 | D:9      | Became a worshipper of Vehumet
 13964 | D:9      | Found a staircase to the Lair.
 14041 | D:9      | Learned a level 4 spell: Animate Armour
 14291 | D:9      | Reached skill level 8 in Conjurations
 14728 | D:10     | Entered Level 10 of the Dungeon
 14738 | D:10     | Reached XP level 11. HP: 64/64 MP: 11/21
 14750 | D:10     | Reached skill level 6 in Fighting
 14961 | D:10     | Reached skill level 1 in Summonings
 15073 | D:10     | Noticed a two-headed ogre
 15320 | D:10     | Noticed a two-headed ogre
 15378 | Lair:1   | Entered Level 1 of the Lair of Beasts
 15400 | Lair:1   | Noticed a six-headed hydra
 16019 | Lair:1   | Reached skill level 4 in Shields
 16224 | D:10     | Slain by a two-headed ogre

Vanquished Creatures
  A two-headed ogre (D:9)
  2 komodo dragons
  A troll (D:10)
  A shadow (D:10)
  9 yaks
  A wyvern (D:9)
  2 steam dragons
  An acid dragon (D:10)
  An orc warrior (D:9)
  2 black bears (D:9)
  A sky beast (D:7)
  3 centaurs
  3 ogres (D:5)
  A phantom (D:6)
  3 kobold brigands
  4 bullfrogs
  7 gnoll sergeants
  A necrophage (D:6)
  A scorpion (D:4)
  10 wights
  4 killer bees
  3 gnoll boudas
  6 hounds
  2 jellies
  4 orc priests
  5 iguanas
  16 orc wizards
  A mummy (D:6)
  14 gnolls
  13 adders
  2 shadow imps
  4 worms
  2 dart slugs (D:3)
  25 orcs
  10 ball pythons
  3 bats
  5 endoplasms
  3 giant cockroaches
  5 goblins
  3 hobgoblins
  7 jackals
  21 kobolds
  2 quokkas
  3 frilled lizards
  A hobgoblin zombie (D:6)
  A kobold zombie (D:6)
  2 orc zombies (D:6)
  5 rats
227 creatures vanquished.

Vanquished Creatures (others)
  15 fungi
  14 plants (D:9)
29 creatures vanquished.

Grand Total: 256 creatures vanquished

Table legend: (Time is in decaauts)
 A = Elapsed time spent in this place.
 B = Non-inter-level travel time spent in this place.
 C = Inter-level travel time spent in this place.
 D = Time resting spent in this place.
 E = Time spent auto-exploring this place.
 F = Levels seen in this place.
 G = Mean time per level.
                   A        B        C        D        E       F      G
               +--------+--------+--------+--------+--------+-----+--------+
         Total |  16305 |  15258 |   1047 |   5862 |   5084 |  12 | 1358.8 |
       Dungeon |  16036 |  14991 |   1045 |   5858 |   4984 |  10 | 1603.6 |
        Temple |    157 |    156 |      1 |      0 |    100 |   1 |  157.0 |
          Lair |    111 |    111 |      0 |      4 |      0 |   1 |  111.0 |
               +--------+--------+--------+--------+--------+-----+--------+

Top non-repeatable levels by time:
     D:7: 2482 daAuts
     D:8: 2244 daAuts
     D:9: 2218 daAuts
     D:5: 1736 daAuts
     D:2: 1606 daAuts
     D:4: 1553 daAuts
     D:3: 1505 daAuts
     D:6: 1344 daAuts
     D:1: 1198 daAuts
  Temple: 157 daAuts
    D:10: 146 daAuts
  Lair:1: 111 daAuts

Table legend:
 A = Non-vault XP
 B = Vault XP
 C = Vault XP percentage of total XP
 D = Non-vault monster count
 E = Vault monster count
 F = Vault count percentage of total count
                 A         B        C        D         E       F
            +---------+---------+-------+---------+---------+-------
      Total |    8621 |    1806 |  17.3 |     191 |      36 |  15.9
            +---------+---------+-------+---------+---------+-------
        D:1 |      36 |       0 |   0.0 |      20 |       0 |   0.0
        D:2 |      46 |       0 |   0.0 |      14 |       0 |   0.0
        D:3 |      95 |      40 |  29.6 |      17 |      12 |  41.4
        D:4 |     386 |       0 |   0.0 |      19 |       0 |   0.0
        D:5 |     662 |       0 |   0.0 |      12 |       0 |   0.0
        D:6 |     596 |      20 |   3.2 |      21 |       5 |  19.2
        D:7 |    1720 |     582 |  25.3 |      31 |      11 |  26.2
        D:8 |    1813 |     127 |   6.5 |      22 |       2 |   8.3
        D:9 |    2138 |     974 |  31.3 |      27 |       5 |  15.6
       D:10 |     757 |      63 |   7.7 |       7 |       1 |  12.5
     Lair:1 |     372 |       0 |   0.0 |       1 |       0 |   0.0
            +---------+---------+-------+---------+---------+-------
